AoeStats
← Æurosswydd

African Clearing

510334457Analyzed
3v3 RM · 1d ago on Sep 30, 2026· 36m 18s· 6 players
Game mode
Random Map
Map size
Normal (6 player)
Population
200
Speed
Normal
Resources
Standard
Victory
Conquest
Starting age
Dark Age
Ending age
Imperial Age
RankedLock teamsTeams togetherTeam positionsShared explorationLock speedFull tech treeHidden civsTurbo modeCheats
Victory
Defeat
🇮🇳 Mongols · India
1099
+11
🇩🇪 Bohemians · Germany
957
+17
🇮🇳 Varangians · India
883
+19
🇹🇷 Huns · Türkiye
1027
-18
🇪🇸 Vietnamese · Spain
956
-15
🇺🇸 Celts · United States
941
-14
Æurosswydd
6:55 Loom
14:25 Feudal Age
15:26 Double-Bit Axe
18:13 Castle Age
17:38 Fletching
17:44 Horse Collar
20:43 Bow Saw
22:25 Heavy Plow
23:25 Gold Mining
24:28 Thumb Ring
28:59 Ballistics
29:36 Bodkin Arrow
30:38 Gold Shaft Mining
31:01 Wheelbarrow
31:27 Stone Mining
32:43 Town Watch
33:15 Hand Cart
33:42 Masonry
33:44 Padded Archer Armor
34:59 Leather Archer Armor
wolverine
9:06 Loom
15:26 Feudal Age
19:25 Castle Age
Helios
5:01 Loom
16:00 Feudal Age
17:02 Double-Bit Axe
24:17 Castle Age
24:18 Fletching
24:47 Crossbowman
29:36 Bodkin Arrow
Vixster
14:10 Feudal Age
18:16 Castle Age
17:00 Double-Bit Axe
18:39 Bloodlines
19:50 Loom
20:42 Wheelbarrow
22:06 Bow Saw
22:45 Husbandry
Joe_N0T_Exotic
4:09 Loom
14:54 Feudal Age
18:30 Castle Age
20:56 Double-Bit Axe
21:05 Gold Mining
33:49 Bow Saw
Vakkil_Vandumurugan
6:16 Loom
14:37 Feudal Age
18:38 Castle Age
19:40 Double-Bit Axe
20:37 Bow Saw
20:44 Fervor
20:40 Horse Collar
22:10 Wheelbarrow
25:41 Hand Cart
25:52 Town Watch
26:12 Fletching
26:42 Heavy Plow
27:07 Town Patrol
29:54 Bodkin Arrow
32:45 Wagenburg Tactics
37:42 Imperial Age
Connection lost

Rejoining the realm…

Still unreachable

The connection could not be restored.

Session expired

The server has moved on; the page needs a fresh start.